[Event "*** SCC Grand Prix: Titled Tuesday Blitz"]
[Site "Chess.com"]
[Date "2020.09.08"]
[Round "8"]
[White "sokidze"]
[Black "chenxiaoyuer"]
[Result "1/2-1/2"]
[WhiteElo "2610"]
[BlackElo "2474"]
[TimeControl "180+1"]
[EndTime "11:37:47 PDT"]
[Termination "Game drawn - insufficient material"]

1. e4 c5 2. Nf3 d6 3. d4 cxd4 4. Nxd4 Nf6 5. Nc3 Nc6 6. g3 g6 7.
Nxc6 bxc6 8. Bg2 Qc7 9. O-O Bg7 10. Bf4 O-O 11. Qd2 Rb8 12. Rab1 Qa5 13. Rfe1 Nh5 14. b4 Qc7 15. Be3 Be6 16. a3 Bc4 17. Bd4 e5 18.
Be3 Nf6 19. Rbd1 Rfd8 20. Bg5 a5 21. bxa5 Qxa5 22. Bxf6 Bxf6 23. Nd5 Qxd2 24. Nxf6+ Kg7 25.
Nh5+ gxh5 26. Rxd2 Kf6 27. h4 Be6 28. Re3 Rb1+ 29.
Kh2 Ke7 30. Rc3 c5 31. Bf3 Bg4 32. Kg2 Rdb8 33. Rcd3 R8b6 34. Bxg4 hxg4 35. f3 h5 36. fxg4 hxg4 37. Re3 Ra1 38. Kf2 Rbb1 39. Ke2 c4 40. Kf2 Rf1+ 41. Kg2 Rg1+ 42. Kf2 Raf1+ 43. Ke2 Rf6 44.
Rd1 Rg2+ 45. Ke1 Rxc2 46. a4 Ra2 47. Rc3 Rxa4 48. Rdc1 Rf3 49. Rxf3 gxf3 50. Kf2 Ke6 51. Kxf3 d5 52. exd5+ Kxd5 53. h5 Ra8 54. Ke3 Rh8 55.
g4 f5 56. gxf5 Rxh5 57. Rd1+ Kc5 58. Ke4 Rh8 59. Kxe5 Re8+ 60. Kf6 Kb4 61. Kf7 Ra8 62. f6 c3 63. Kg7 Kb3 64. f7 c2 65. Re1 Ra7 66. Kg8 Rxf7 67. Kxf7 Kb2 68. Re2 Kb1 69. Rxc2 Kxc2 1/2-1/2

[Event "*** SCC Grand Prix: Titled Tuesday Blitz"]
[Site "Chess.com"]
[Date "2020.09.08"]
[Round "8"]
[White "gmpeter008"]
[Black "ehrenfeld"]
[Result "1/2-1/2"]
[WhiteElo "2379"]
[BlackElo "2557"]
[TimeControl "180+1"]
[EndTime "11:37:49 PDT"]
[Termination "Game drawn - timeout vs insufficient material"]

1. d4 f5 2. Nf3 Nf6 3. c4 d6 4. Nc3 g6 5. g3 Bg7 6. Bg2 O-O 7. O-O c6 8. b3 Na6 9. Bb2 Qc7 10. Rc1 e5 11.
dxe5 dxe5 12. Nb5 Qe7 13. Ba3 Nb4 14. Qd6 Qxd6 15. Nxd6 a5 16. Nxe5 Nxa2 17. Ra1 Nc3 18. Rfe1 Nce4 19. Rad1 Nxd6 20. Bxd6 Re8 21. Nxc6 bxc6 22.
Bxc6 Be6 23. Be5 Ne4 24. Bxg7 Kxg7 25. Ra1 Nc5 26. b4 Nb3 27. Ra4 Bxc4 28. bxa5 Bf7 29. Rb1 Nc5 30. Ra3 Reb8 31. Rc1 Ra6 32. Rxc5 Rxc6 33. Rxc6 Rb1+ 34. Kg2 Bd5+ 35. f3 Bxc6 36. a6 Ba8 37. a7 Rd1 38. Kf2 Rd8 39. Ke3 Kf7 40. Kf4 Kf6 41. h4 Rd4+ 42. Ke3 Rb4 43. Ra6+ Ke7 44. h5 Rb7 45. hxg6 hxg6 46. Rxg6 Kf7 47.
Ra6 Ke7 48. Kf4 Rb5 49. e4 fxe4 50. fxe4 Rb4 51. Kf5 Rxe4 52. g4 Re3 53. g5 Rf3+ 54. Kg4 Rf8 55. g6 Rg8 56. Kg5 Rc8 57. Rf6 Rc5+ 58. Rf5 Rxf5+ 59. Kxf5 Kf8 60. Kg5 Kg8 61. Kf6 Bb7 1/2-1/2

[Event "*** SCC Grand Prix: Titled Tuesday Blitz"]
[Site "Chess.com"]
[Date "2020.09.08"]
[Round "8"]
[White "evgenyermolaev"]
[Black "kasparicy"]
[Result "0-1"]
[WhiteElo "2422"]
[BlackElo "2331"]
[TimeControl "180+1"]
[EndTime "11:37:49 PDT"]
[Termination "kasparicy won on time"]

1. e4 c5 2. b4 cxb4 3. a3 d5 4. exd5 Qxd5 5. Nf3 e5 6. axb4 Bxb4 7. Bb2 Nc6 8. Nc3 Bxc3 9. Bxc3 Nf6 10. Ra4 O-O 11. Bc4 Qd6 12. O-O Bg4 13. Be2 Bh5 14. Nxe5 Bxe2 15. Qxe2 Rfe8 16. Qd3 Qxd3 17. Nxd3 Nd5 18. Bb2 a5 19. Rg4 g6 20. c4 Ndb4 21. Nf4 Rad8 22.
Nh5 f5 23. Nf6+ Kf7 24. Rh4 h5 25. Nxe8 Kxe8 26. d4 Kf7 27. d5 Ne7 28. Bc3 Rc8 29. Bxb4 axb4 30. Rb1 b5 31. Rxb4 Nxd5 32. Rxb5 Nc3 33.
Rb7+ Kf6 34. Kf1 Ne4 35. f3 Nd2+ 36. Ke2 Nxc4 37. Rb4 Ne5 38. Rhd4 Rc2+ 39. Kd1 Rxg2 40. Rb6+ Kg7 41. f4 Nf3 42. Rd7+ Kh6 43. Rdd6 h4 44.
Rd7 Kh5 45. Rg7 h3 46. Rh7+ Kg4 47. Rxg6+ Kxf4 48. Rf6 Nxh2 49. Rxh3 Ng4 50. Rf7 Ne3+ 51. Kc1 Ng4 52. Rh4 Ke4 53. Rhh7 f4 54. Re7+ Kf3 55. Rhf7 Ne3 56. Kb1 Rd2 57. Re6 Rd4 58. Ref6 Kg3 59. Rxf4 Rxf4 60. Rf5 Rxf5 0-1

[Event "*** SCC Grand Prix: Titled Tuesday Blitz"]
[Site "Chess.com"]
[Date "2020.09.08"]
[Round "8"]
[White "Ole83"]
[Black "kngopal"]
[Result "1/2-1/2"]
[WhiteElo "2338"]
[BlackElo "2230"]
[TimeControl "180+1"]
[EndTime "11:37:50 PDT"]
[Termination "Game drawn by repetition"]

1. c4 Nf6 2. Nc3 c5 3. g3 Nc6 4. Bg2 g6 5. a3 Bg7 6. Rb1 a5 7. Nf3 O-O 8. O-O d6 9. Ne1 Be6 10. Nd5 Bf5 11. d3 Nxd5 12. cxd5 Nd4 13. e3 Nb5 14. a4 Nc7 15. Nc2 Na6 16. Na3 Nb4 17.
e4 Bd7 18. Bd2 Qe8 19. b3 Nxd3 20. Nc4 Nb4 21. Nb6 Ra6 22. Nxd7 Qxd7 23. Bxb4 axb4 24. Qd3 Ra5 25. Rbc1 b5 26. axb5 Qxb5 27. Rc4 Ra3 28. Rb1 Rfa8 29. Qd1 Ra1 30. Rcc1 Rxb1 31. Rxb1 Ra3 32.
Bf1 Qa5 33. Rc1 Ra2 34. Rc2 Ra1 35. Rc1 Ra2 36. Rc2 Qa3 37. Rxa2 Qxa2 38. Bc4 Bd4 39. Qf3 Qd2 40. Kg2 Kg7 41. h4 h5 42. Qe2 Qc1 43. Qf1 Qc2 44. Qe2 Qb1 45. Qd3 Qb2 46.
Qe2 Qc1 47. Qf1 Qc3 48. Qd3 Qe1 49. Qe2 Qa1 50. Qf1 Qc3 51. Qd3 Qa1 52. Qe2 Qa3 53. Qf3 Qa2 54. Qe2 Qb1 55. Qd3 Qa1 56. Qf1 Qa8 57.
Qe2 Qa7 58. Qf3 f6 59. Kh2 Qa1 60. Kg2 Be5 61. Qe2 Bd4 62. Qf3 Qb1 63. Qd3 Qe1 64.
Qe2 Qa1 65. Qf1 Qa8 66. Qe2 Qc8 67. Qf3 Qd7 68. Bd3 Qa7 69. Bc4 Qd7 70. Bd3 Be5 71. Bc4 Qc8 72. Bd3 Qa8 73. Bc4 Qc8 74. Bd3 Qa8 75. Bc4 Qc8 1/2-1/2

[Event "*** SCC Grand Prix: Titled Tuesday Blitz"]
[Site "Chess.com"]
[Date "2020.09.08"]
[Round "8"]
[White "vinniethepooh"]
[Black "jeetjain"]
[Result "0-1"]
[WhiteElo "2641"]
[BlackElo "2450"]
[TimeControl "180+1"]
[EndTime "11:37:52 PDT"]
[Termination "jeetjain won by resignation"]

1. Nf3 d5 2. g3 c5 3. Bg2 Nc6 4. O-O e5 5. d3 Be7 6. Nbd2 h5 7. e4 d4 8. h4 Bg4 9. a3 g5 10. hxg5 h4 11. gxh4 Rxh4 12. Qe1 Rh8 13. Nc4 Bxf3 14. Bxf3 Bxg5 15. Kg2 Qf6 16. Rh1 Bh4 17. b4 Nge7 18.
bxc5 O-O-O 19. Qe2 Rdg8+ 20. Kf1 Bg5 21. Rxh8 Qxh8 22.
Bxg5 Rxg5 23. Qd2 Qh3+ 24. Ke2 Rg6 25. Rh1 Qe6 26. Nd6+ Kc7 27. Rh8 Nd8 28. Ne8+ Kc8 29. Qb4 Nec6 30. Nd6+ Qxd6 31. cxd6 Nxb4 32. axb4 Rxd6 33.
Bg4+ Kc7 34. Re8 f6 35. b5 Kb6 36. f4 exf4 37. Kf3 Kxb5 38. Kxf4 a5 39. e5 fxe5+ 40. Kxe5 Nf7+ 41. Ke4 a4 42. Re7 Nd8 43. Rd7 Rxd7 44.
Bxd7+ Kb4 45. Kxd4 a3 46. c3+ Kb3 47. Be6+ Nxe6+ 48. Ke5 a2 49. d4 a1=Q 50. d5 Qxc3+ 51. Kxe6 Qd3 52. d6 b5 53. d7 b4 54. d8=Q Qxd8 0-1

[Event "*** SCC Grand Prix: Titled Tuesday Blitz"]
[Site "Chess.com"]
[Date "2020.09.08"]
[Round "8"]
[White "VojtechPlat"]
[Black "Roza_Idrisova"]
[Result "1/2-1/2"]
[WhiteElo "2823"]
[BlackElo "2163"]
[TimeControl "180+1"]
[EndTime "11:37:54 PDT"]
[Termination "Game drawn by repetition"]

1. e4 c6 2. Nf3 d5 3. d3 Bg4 4. h3 Bh5 5. Nc3 e6 6. g4 Bg6 7. h4 h5 8. g5 Ne7 9. Ne5 Nd7 10.
Nxg6 Nxg6 11. Bg2 d4 12. Ne2 e5 13. f4 c5 14. f5 Ne7 15. Ng3 Nc6 16. O-O g6 17.
fxg6 fxg6 18. Qf3 Qe7 19. Bh3 Bg7 20. Bd2 Rf8 21. Nf5 gxf5 22. Qxh5+ Qf7 23. Qxf7+ Rxf7 24. exf5 Ke7 25. f6+ Nxf6 26. gxf6+ Bxf6 27. Kh2 Bxh4 28. Rxf7+ Kxf7 29. Rf1+ Ke7 30. Rg1 Bf6 31. Kg2 Rg8+ 32. Kf1 Rxg1+ 33. Kxg1 Kd6 34. Bg2 b5 35. Kf1 Ne7 36.
Ke2 Nd5 37. Be4 c4 38. Kf3 cxd3 39. cxd3 a6 40. Bh6 Be7 41. Kg4 Ne3+ 42. Kf3 Nd5 43. Bc1 Nf6 44. Bd2 Nxe4 45. Kxe4 Ke6 46. Ba5 Bd6 47.
Bd8 Bb8 48. Bh4 Bd6 49. Bg3 Bb8 50. b3 Bd6 51. Be1 Bb8 52. Ba5 Bd6 53. Bb6 Bb8 54.
Bc5 Bc7 55. Ba7 Bd6 56. Bb6 Bb8 57. Bd8 Bd6 58. Bh4 Bb8 59. Bg3 Bd6 60. Bf2 Bb8 61. Be1 Bd6 62. Ba5 Bb8 63. Bb6 Bd6 64. Ba7 Bc7 65.
Bc5 Bb8 66. Bb6 Bd6 67. a4 bxa4 68. bxa4 Bb8 69. Ba5 Bd6 70. Bd2 Bc7 71. Bb4 Bb8 72. Bc5 Bc7 73. Ba7 Bd6 74. Bb6 Bb8 75. Ba5 Bd6 76.
Be1 Bc7 77. Bg3 Bd6 78. Bf2 Bc7 79. Bg1 Bd6 80. Bh2 Bc7 81. Bg1 Bd6 82. Bh2 Bc7 83. Bg1 1/2-1/2

[Event "*** SCC Grand Prix: Titled Tuesday Blitz"]
[Site "Chess.com"]
[Date "2020.09.08"]
[Round "8"]
[White "GadimbayliA"]
[Black "dretch"]
[Result "0-1"]
[WhiteElo "2901"]
[BlackElo "2805"]
[TimeControl "180+1"]
[EndTime "11:38:08 PDT"]
[Termination "dretch won by resignation"]

1. e4 e6 2. d4 d5 3. Nd2 c5 4.
exd5 Qxd5 5. Ngf3 cxd4 6. Bc4 Qd6 7. O-O Nf6 8. Nb3 Nc6 9. Nbxd4 Nxd4 10. Nxd4 Be7 11. c3 O-O 12. Qf3 Qc5 13. Bb3 Rd8 14.
Be3 Qh5 15. Qxh5 Nxh5 16. Rad1 Bd7 17. Nf3 Bb5 18. Rxd8+ Bxd8 19. Rd1 Bc7 20. Nd4 Be8 21. g3 Nf6 22. Bc4 Ng4 23. Bc1 Rd8 24. Be2 Ne5 25.
Bg5 Rd5 26. Be3 Bb6 27. Nc2 Rxd1+ 28. Bxd1 Bxe3 29. Nxe3 Nd3 30. b3 Kf8 31. Bf3 b6 32. b4 Ke7 33. Kf1 f5 34. Be2 Nb2 35. Ke1 g5 36. Kd2 f4 37. Nc2 e5 38.
Na3 Bg6 39. Bb5 Kd6 40. Nc4+ Nxc4+ 41. Bxc4 e4 42. Bb3 Ke5 43. a4 Be8 44. a5 bxa5 45. bxa5 Bb5 46. Bc2 h6 47. Bb1 Kd5 48. Ba2+ Bc4 49.
Bb1 Ke5 50. Bc2 Bd5 51. Bb1 Bc6 52. Bc2 Kd5 53. Bb3+ Kc5 54. Ba2 Kb5 55. c4+ Kb4 56.
a6 Bd7 57. Bb1 Bc6 58. gxf4 gxf4 59. Ba2 Ka3 60. Bb1 Kb3 61. c5 Kc4 62. Ba2+ Kd4 63. Bb1 e3+ 64. fxe3+ fxe3+ 65. Ke2 Bb5+ 66. Kf3 Bxa6 67.
c6 Bc8 68. c7 a5 69. Bc2 Bb7+ 70. Ke2 Ba6+ 71. Kf3 Bb7+ 72. Ke2 Bc8 73. Kf3 Kc3 74. Ba4 Kd2 75. Bb5 Bb7+ 76. Kf4 e2 77. c8=Q Bxc8 0-1

[Event "*** SCC Grand Prix: Titled Tuesday Blitz"]
[Site "Chess.com"]
[Date "2020.09.08"]
[Round "8"]
[White "anon569"]
[Black "WPWPWP-2015"]
[Result "1-0"]
[WhiteElo "2254"]
[BlackElo "2413"]
[TimeControl "180+1"]
[EndTime "11:38:12 PDT"]
[Termination "anon569 won by checkmate"]

1. e4 c5 2. Nf3 d6 3. d4 cxd4 4. Nxd4 Nf6 5. Nc3 a6 6. Bg5 e6 7.
f4 Qb6 8. a3 Be7 9. Qd3 Nc6 10.
Nxc6 bxc6 11. O-O-O Rb8 12. Na4 Qb5 13. Qd4 Qa5 14.
e5 dxe5 15. fxe5 c5 16. Qh4 Nd5 17. Bxe7 Nxe7 18. Nc3 Nf5 19. Qf4 O-O 20. Ne4 Qb6 21.
b3 c4 22. Bxc4 Qe3+ 23. Qxe3 Nxe3 24. Rd4 Bb7 25. Nd6 Bxg2 26. Rg1 Bf3 27. Rd3 Nxc4 28.
Nxc4 Be2 29. Rd4 Rfc8 30. Nd6 Rc5 31. Kb2 Rxe5 32. c4 Bf3 33. Rd2 g5 34. b4 g4 35. Rd3 Kf8 36. Kc3 f5 37. c5 Ke7 38.
Nc4 Be2 39. Nxe5 Bxd3 40. Nxd3 Kf6 41. Re1 Rd8 42. Kc4 h5 43. a4 h4 44. b5 e5 45.
Nxe5 axb5+ 46. axb5 h3 47. Nd3 Kg5 48. Ne5 f4 49. Nf7+ Kh4 50. Nd6 g3 51. hxg3+ fxg3 52. Nf5+ Kg4 53. Nxg3 Kxg3 54. Re3+ Kg2 55. Rxh3 Kxh3 56.
b6 Kg4 57. c6 Kf5 58. c7 Rc8 59. Kd5 Rh8 60. b7 Kf6 61. c8=Q Rh5+ 62. Kc6 Re5 63. Qd8+ Kf5 64. b8=Q Re6+ 65. Qbd6 Re4 66. Q8f8+ Kg4 67. Qg6+ Kh4 68. Qf2+ Kh3 69. Qfg3# 1-0

[Event "*** SCC Grand Prix: Titled Tuesday Blitz"]
[Site "Chess.com"]
[Date "2020.09.08"]
[Round "8"]
[White "Parhamov"]
[Black "Funo09"]
[Result "1-0"]
[WhiteElo "3005"]
[BlackElo "2848"]
[TimeControl "180+1"]
[EndTime "11:38:16 PDT"]
[Termination "Parhamov won by checkmate"]

1. c4 e5 2. g3 c6 3. Nf3 e4 4. Nd4 d5 5. cxd5 Qxd5 6. e3 Nf6 7. Nc3 Qe5 8. f4 exf3 9. Nxf3 Qc7 10. Bg2 Bb4 11.
O-O O-O 12. Qc2 Bg4 13. e4 Re8 14. d3 Na6 15. Bf4 Qb6+ 16. Kh1 Rad8 17. Bg5 Be7 18. a3 Bxf3 19. Rxf3 Nc5 20. b4 Ne6 21. Be3 Nd4 22. Qb2 c5 23. Rff1 cxb4 24. Ne2 Bc5 25. axb4 Ng4 26.
Bg1 Nxe2 27. Qxe2 Bxg1 28. Qxg4 Bd4 29. Rab1 Rc8 30. e5 Bxe5 31. Bd5 Bf6 32. b5 Rcd8 33. Bc4 Rd4 34. Qh5 Re7 35. Rbe1 Qd6 36. Qf3 Qd7 37. Rxe7 Qxe7 38. Rf2 Rd8 39. Re2 Qc7 40. Kg2 Rf8 41.
h4 b6 42. Kh3 Qd7+ 43. g4 h6 44. Qf5 Qxf5 45. gxf5 Rd8 46. Ra2 Rd7 47. h5 Kf8 48. Kg4 Be5 49. Kf3 f6 50. Ke4 Ke7 51. Be6 Rc7 52.
d4 Bd6 53. Rg2 Kf8 54. Kd5 Bb4 55. Ra2 Ke7 56. Rg2 Kf8 57. Rb2 Be7 58. Rb3 Ke8 59. Ke4 Kf8 60. Rb1 Bd6 61. Rd1 Be7 62.
Bd5 Bd6 63. Bc6 Ke7 64. Kd5 Bg3 65. Rg1 Bf4 66. Rxg7+ Kd8 67. Rg8+ Ke7 68. Rg7+ Kd8 69. Rg6 Bg5 70. Kd6 Bf4+ 71. Ke6 Bg5 72. Rg8# 1-0

[Event "*** SCC Grand Prix: Titled Tuesday Blitz"]
[Site "Chess.com"]
[Date "2020.09.08"]
[Round "8"]
[White "Koksik_13"]
[Black "RaunakSadhwani2005"]
[Result "1-0"]
[WhiteElo "2673"]
[BlackElo "2844"]
[TimeControl "180+1"]
[EndTime "11:38:19 PDT"]
[Termination "Koksik_13 won by checkmate"]

1. d4 Nf6 2. Nc3 d5 3. Bf4 Bf5 4. e3 e6 5. f3 a6 6. g4 Bg6 7.
h4 h6 8. h5 Bh7 9. Bd3 c5 10.
Bxh7 Nxh7 11. Nge2 Nc6 12. Kf2 Rc8 13. Kg2 Nf6 14. Bg3 Qb6 15. Rb1 Be7 16. Na4 Qa5 17.
Nxc5 Bxc5 18. dxc5 Qxc5 19. Bf2 O-O 20. c3 Qe7 21.
Bh4 Qc5 22. Bf2 Rfe8 23. Nd4 Ne5 24. Qe2 Nc4 25. Bh4 Nh7 26. Bg3 Ng5 27. Bh4 f6 28. Bg3 Rcd8 29. Rbd1 Qb6 30. b3 Nd6 31. c4 dxc4 32.
bxc4 Ndf7 33. Nb3 e5 34. e4 Ne6 35. Rd5 Nc7 36. Bf2 Nxd5 37. Bxb6 Nf4+ 38. Kf2 Nxe2 39. Bxd8 Rxd8 40. Kxe2 Ng5 41. Nc5 b6 42. Nxa6 Ne6 43. Rd1 Nd4+ 44. Kf2 Ra8 45. Nb4 Ra4 46. Rb1 Ra3 47. Nd5 Rxf3+ 48. Kg2 Ra3 49. Rxb6 Rxa2+ 50. Kh3 Ra3+ 51. Kg2 Ra2+ 52. Kh3 Re2 53. Rb8+ Kf7 54. Rb7+ Kf8 55. Rb8+ Kf7 56. Rb7+ Kg8 57. Ne7+ Kf8 58. Ng6+ Ke8 59. Rxg7 Rxe4 60. c5 Re3+ 61. Kg2 Rc3 62. Rh7 Rc2+ 63. Kh3 Nf3 64. Rxh6 Ng5+ 65. Kg3 e4 66. Rh8+ Kf7 67. Rd8 e3 68. Rd7+ Kg8 69. Re7 e2 70. h6 Rxc5 71. Rg7# 1-0

[Event "*** SCC Grand Prix: Titled Tuesday Blitz"]
[Site "Chess.com"]
[Date "2020.09.08"]
[Round "8"]
[White "Jumbo"]
[Black "Agibileg"]
[Result "1-0"]
[WhiteElo "2756"]
[BlackElo "2580"]
[TimeControl "180+1"]
[EndTime "11:38:25 PDT"]
[Termination "Jumbo won by checkmate"]

1. d4 Nf6 2. c4 g6 3. g3 Bg7 4. Bg2 O-O 5. Nf3 d6 6. O-O Nbd7 7. Nc3 e5 8. e4 c6 9. Rb1 exd4 10. Nxd4 Qa5 11. b4 Qc7 12. Qc2 Ne5 13. c5 dxc5 14. bxc5 Nfd7 15. Nce2 Rd8 16. h3 Nf8 17. f4 Ned7 18. e5 Nb8 19. g4 Na6 20. Be3 Qe7 21. Bf2 Qxc5 22. Qxc5 Nxc5 23. Nxc6 bxc6 24. Bxc5 Ba6 25. Rf2 Ne6 26. Be3 Rd3 27. Rb3 Rd1+ 28. Kh2 Re1 29. Ng3 Bc4 30. Rc3 Bd5 31. Bd2 Ra1 32.
a3 Bxg2 33. Kxg2 Rd8 34. Ne4 Rd4 35. Nd6 Rxd2 36. Rxd2 Nxf4+ 37. Kf3 Bxe5 38. Rxc6 Nxh3 39. Nc4 Ng5+ 40. Kg2 Bf4 41. Rf2 Bc1 42. Ra6 Ne6 43.
Rxa7 Nf4+ 44. Kg3 g5 45. Rc2 Rb1 46. Rd7 Rb3+ 47. Kf2 Bxa3 48. Rd8+ Kg7 49. Ne5 Be7 50. Nf3 Nd3+ 51. Rxd3 Bd8 52. Rxd8 Ra3 53. Rd4 f6 54. Re4 Kg6 55. Re3 Ra4 56. Rce2 h5 57. gxh5+ Kxh5 58. Re6 Rf4 59. R6e4 Rf5 60. Kg3 Kg6 61. Rg4 Rd5 62.
Rge4 Rd3 63. R4e3 Rd5 64. Re6 Rf5 65. Ra6 Rf4 66. Ree6 Kh5 67. Rxf6 Rg4+ 68. Kf2 Rb4 69. Rf5 Kg4 70. Rxg5+ Kf4 71. Rf6+ Ke4 72. Rg4+ Kd3 73. Rxb4 Kc3 74. Rd4 Kc2 75. Rc6+ Kb3 76. Rc8 Ka3 77. Rd7 Kb3 78. Rb7+ Ka4 79. Ra8# 1-0

[Event "*** SCC Grand Prix: Titled Tuesday Blitz"]
[Site "Chess.com"]
[Date "2020.09.08"]
[Round "8"]
[White "chessplayer9919"]
[Black "fireheart92"]
[Result "0-1"]
[WhiteElo "2595"]
[BlackElo "2849"]
[TimeControl "180+1"]
[EndTime "11:38:28 PDT"]
[Termination "fireheart92 won by resignation"]

1. d4 e6 2. e4 d5 3. exd5 exd5 4.
Bd3 Nc6 5. c3 Bd6 6. Ne2 Nge7 7.
O-O O-O 8. Bf4 Bxf4 9. Nxf4 Qd6 10. Qf3 Nd8 11. Na3 c6 12. Nc2 Ne6 13. Nxe6 Bxe6 14. Ne3 Rae8 15. Qg3 Nc8 16. Rfe1 Qxg3 17. hxg3 Nd6 18.
f3 h5 19. Kf2 g6 20. Nf1 Re7 21. Re5 Rfe8 22. Rae1 Kf8 23. Nd2 Bf5 24. Rxe7 Rxe7 25. Rxe7 Kxe7 26. Be2 b6 27. Nf1 a5 28. Ne3 Be6 29.
Bd3 c5 30. Ke1 c4 31. Bc2 b5 32. Kd2 Kf6 33. a3 g5 34. Ke2 h4 35. Kf2 Nc8 36. Nf1 Ne7 37. Ne3 Bd7 38. Bb1 Be6 39. Bc2 Nc8 40. Bb1 Nb6 41. Bc2 Bd7 42. Bd1 Bf5 43. gxh4 gxh4 44. g4 hxg3+ 45. Kxg3 Bd3 46. Kf4 Ke6 47. Ng4 f6 48. Ne3 Nc8 49. Kg3 Ne7 50.
Kf4 Ng6+ 51. Kg3 Kd6 52. Ng4 f5 53. Nf2 Bb1 54. f4 Ke6 55. Bh5 Ne7 56. Bf3 Bc2 57. Nh3 Kf6 58. Kf2 Be4 59. Ke3 b4 60. axb4 axb4 61.
Ng1 b3 62. Kd2 Nc8 63. Kc1 Nd6 64. Be2 Kg6 65. Bf3 Bxf3 66. Nxf3 Kh5 67. Kd2 Kg4 68. Ke3 Ne4 69. Ne5+ Kg3 70. Nf3 Kg2 71. Ne1+ Kf1 72. Nf3 Kg2 73. Ne1+ Kh3 74. Nf3 Kg3 75. Ne1 Nxc3 76.
Kd2 Ne4+ 77. Ke3 c3 78. bxc3 b2 0-1

[Event "*** SCC Grand Prix: Titled Tuesday Blitz"]
[Site "Chess.com"]
[Date "2020.09.08"]
[Round "8"]
[White "KatarinaOstojic"]
[Black "Shuvalov"]
[Result "1/2-1/2"]
[WhiteElo "2337"]
[BlackElo "2440"]
[TimeControl "180+1"]
[EndTime "11:38:33 PDT"]
[Termination "Game drawn - insufficient material"]

1. d4 d5 2. Nf3 Nf6 3. c4 c6 4.
Nc3 dxc4 5. a4 Bf5 6. e3 e6 7. Bxc4 Bb4 8. O-O O-O 9. Ne5 Nbd7 10. Nxd7 Nxd7 11. h3 Bg6 12. Qf3 c5 13. Qxb7 a5 14.
Qf3 cxd4 15. exd4 Nb6 16. Bb5 Qxd4 17. Be3 Qd6 18. Rfd1 Nd5 19. Nxd5 exd5 20. Rxd5 Qe6 21. Rdd1 Rfd8 22. Rac1 h6 23. Rxd8+ Rxd8 24. Rd1 Rxd1+ 25. Qxd1 Qf6 26. Qd4 Qe7 27. Bd2 Bc5 28. Qd7 Qe5 29. Qe8+ Qxe8 30. Bxe8 Bb6 31. b4 axb4 32. Bxb4 Bd3 33.
a5 Ba7 34. g3 f5 35. Kg2 Be4+ 36. Kf1 Bd3+ 37. Ke1 g5 38. Kd2 Ba6 39. f3 Bf2 40. Bd6 Bb7 41. Ke2 Ba7 42. Bb5 Kf7 43. a6 Bd5 44. f4 g4 45. hxg4 fxg4 46. Bd7 h5 47. Bb5 Kf6 48. Be5+ Kf7 49. Bd3 Bf3+ 50. Kf1 Bd5 51.
Be2 Be4 52. Bc4+ Kg6 53. Bb5 Bd5 54. Be8+ Kh6 55. Bf6 Be4 56. Bg5+ Kh7 57. Bxh5 Bf3 58. Be8 Kg7 59. Bb5 Bd5 60. f5 Kf7 61. Bf4 Be4 62.
Ke2 Bxf5 63. Kd2 Be4 64. Kc3 Ke6 65. Kc4 Bd5+ 66. Kd3 Bf3 67. Bc4+ Kf5 68. Bf7 Be4+ 69. Kc4 Bg2 70. Kb5 Be4 71. Be8 Ke6 72. Bc6 Bd3+ 73. Ka5 Be2 74. Bb7 Kd7 75. Kb4 Bf1 76. Kc3 Be2 77.
Kd2 Bf3 78. Bxf3 gxf3 79. Be3 Bb8 80. Bf2 Kc6 81. Ke3 Kb6 82. Kxf3+ Kxa6 83. g4 Be5 84. Ke4 Bg7 85. Kf5 Kb7 86. Be3 Kc6 87. Bf4 Kd7 88.
g5 Ke8 89. Kg6 Kf8 90. Bd6+ Kg8 91. Be7 Bc3 92. Bf6 Bd2 93. Kf5 Bxg5 1/2-1/2

[Event "*** SCC Grand Prix: Titled Tuesday Blitz"]
[Site "Chess.com"]
[Date "2020.09.08"]
[Round "8"]
[White "Fandorine"]
[Black "vugarrasulov"]
[Result "1-0"]
[WhiteElo "2920"]
[BlackElo "2828"]
[TimeControl "180+1"]
[EndTime "11:38:35 PDT"]
[Termination "Fandorine won on time"]

1. e4 c5 2. Nf3 d6 3. d4 cxd4 4. Qxd4 Nc6 5. Bb5 Bd7 6. Qd3 Nf6 7. c4 g6 8. O-O Bg7 9. Nc3 O-O 10. h3 Rc8 11. Be3 a6 12. Bxc6 Bxc6 13. Nd4 Nd7 14. Rac1 Qa5 15. Rfd1 Rfe8 16. b3 Qh5 17. Nxc6 bxc6 18. Na4 c5 19. Nc3 Ne5 20. Qd2 Nc6 21. Ne2 a5 22. Nf4 Qe5 23. f3 a4 24. Nd3 Qe6 25.
Nf4 Qe5 26. Nd3 Qe6 27. Nf4 Qd7 28. Bxc5 axb3 29. axb3 Qb7 30. Bf2 Qxb3 31. c5 dxc5 32. Rxc5 Rcd8 33. Nd5 e6 34. Rxc6 exd5 35. exd5 Be5 36.
Qd3 Qa2 37. d6 Re6 38. Bc5 Qa4 39. Qd5 Qf4 40. Kf1 Qh2 41. Bg1 Qh1 42. Qc5 Bg3 43.
Rc8 Rxc8 44. Qxc8+ Kg7 45. d7 Bh2 46. Qc3+ f6 47.
Qd4 Rd6 48. Qxd6 Qxg1+ 49. Ke2 Qxg2+ 50. Ke3 Bxd6 51. Rxd6 Qg1+ 52. Ke4 Qe1+ 53. Kd5 Qa5+ 54. Kc6 Qd8 55. Rd5 Kf7 56. Rd1 h5 57. Rd2 g5 58.
Rd5 Ke6 59. Rd3 f5 60. Re3+ Kf7 61. Re5 Qf6+ 62. Kd5 Qd8 63. Kd6 Qf6+ 64. Kd5 Qd8 65. Kd6 Qb8+ 66. Kd5 f4 67. Re4 Kf6 68. Kc6 Kf7 69. Re2 Qd8 70. Kd6 Qf6+ 71. Kc7 Qc3+ 72. Kd8 Qd3 73. Re7+ 1-0

[Event "*** SCC Grand Prix: Titled Tuesday Blitz"]
[Site "Chess.com"]
[Date "2020.09.08"]
[Round "8"]
[White "poummba"]
[Black "Kazan28"]
[Result "1-0"]
[WhiteElo "2535"]
[BlackElo "2264"]
[TimeControl "180+1"]
[EndTime "11:38:51 PDT"]
[Termination "poummba won by checkmate"]

1. d4 Nf6 2. c4 g6 3. Nc3 Bg7 4. e4 d6 5. Nf3 O-O 6. Be2 e5 7. O-O Nc6 8. dxe5 dxe5 9. Bg5 Qxd1 10. Rfxd1 h6 11. Be3 Be6 12. Nd5 Rfc8 13. Nxf6+ Bxf6 14. Bxh6 Bg4 15. Be3 Bxf3 16. Bxf3 Nd4 17. Bxd4 exd4 18. e5 Bxe5 19. Bxb7 c5 20. Rd3 Rab8 21. Bxc8 Rxc8 22. Re1 Bf6 23. Ra3 Rb8 24. Re2 Rd8 25. Rd3 Rb8 26. Kf1 a5 27. a4 Rb4 28. b3 Rb8 29. Ke1 Kg7 30. Kd1 Rh8 31. h3 Rb8 32. Kc2 Rd8 33.
Re4 Rb8 34. Rf3 Rd8 35. h4 Rd6 36. Re8 Bxh4 37. Re5 Re6 38. Rxe6 fxe6 39. Kd3 Bf6 40. Ke4 g5 41. Rh3 Kg6 42. f3 Bg7 43. Rh1 Bf6 44. g3 Bg7 45. f4 gxf4 46. gxf4 Bf6 47. Rg1+ Kf7 48. Rg3 Ke7 49. Rg8 Bh4 50. Ra8 Be1 51.
Ra6 Bc3 52. Rc6 Bb4 53. Ra6 Bc3 54. Ra7+ Kd6 55. Rh7 Bb2 56. Rh6 Kd7 57. Rg6 Ba1 58.
Rg3 Bb2 59. f5 exf5+ 60. Kxf5 Bc3 61. Ke4 Bb4 62. Rg6 Ke7 63. Rc6 Kd7 64. Ra6 Ke7 65. Kd3 Kd7 66. Rg6 Ke7 67. Rg3 Kd7 68. Ke4 Ke6 69. Rh3 Kf6 70. Kd5 Kf5 71. Rf3+ Kg4 72. Rf8 Kg3 73. Ke4 Kg4 74. Rf7 Kg5 75. Rf8 Kg6 76. Rf2 Kg5 77. Rf1 Kg6 78. Rf5 Ba3 79. Rd5 Bb4 80. Rd6+ Kg5 81. Rb6 Ba3 82. Rb5 Bb4 83.
Rxb4 cxb4 84. Kxd4 Kf6 85. Kc5 Ke7 86. Kb5 Kd7 87. Kxa5 Kc6 88. Kxb4 Kb6 89. Kc3 Kc6 90. b4 Kb6 91. b5 Kc5 92. Kd3 Kb6 93. Kd4 Ka5 94. c5 Kxa4 95. b6 Kb5 96. b7 Kc6 97. b8=Q Kd7 98. Qd6+ Kc8 99. Qe7 Kb8 100. Kd5 Kc8 101. Kc6 Kb8 102. Qb7# 1-0

[Event "*** SCC Grand Prix: Titled Tuesday Blitz"]
[Site "Chess.com"]
[Date "2020.09.08"]
[Round "8"]
[White "Orest_Vovk"]
[Black "pavlitas17"]
[Result "1-0"]
[WhiteElo "2494"]
[BlackElo "2364"]
[TimeControl "180+1"]
[EndTime "11:38:53 PDT"]
[Termination "Orest_Vovk won by checkmate"]

1. Nf3 g6 2. h3 Bg7 3. d4 Nf6 4. Nh2 O-O 5. Ng4 d5 6. Nxf6+ Bxf6 7. Bh6 Re8 8. e3 e5 9. c3 exd4 10. cxd4 c5 11. dxc5 d4 12. Be2 Qa5+ 13. Nd2 dxe3 14. Bxe3 Bxb2 15. O-O Bxa1 16. Qxa1 Rxe3 17. Nc4 Qxc5 18.
Nxe3 Be6 19. Rc1 Qe7 20. Bf3 Nc6 21. Bxc6 bxc6 22. Rxc6 Rd8 23. Qe5 Qb7 24. Rc7 Qb1+ 25. Kh2 Qxa2 26. Qf6 Qd2 27. Rxa7 Qd6+ 28. f4 Qb6 29.
Ng4 Qxa7 30. Qxd8+ Kg7 31. Nf6 Qa1 32. Ne8+ Kf8 33.
Nc7+ Kg7 34. Nxe6+ fxe6 35. Qe7+ Kg8 36. Qxe6+ Kf8 37.
Qd6+ Kg8 38. Qd5+ Kf8 39. Qd6+ Kg8 40. Qb8+ Kf7 41. Qc7+ Kg8 42. Qc4+ Kg7 43. Qe4 Qa7 44. Qe5+ Kg8 45. Qe6+ Kg7 46. Qd5 Qf7 47. Qe5+ Kg8 48.
Qd4 Qf5 49. Qe5 Qc8 50. Kg3 Qc1 51. Qe6+ Kg7 52. Qe5+ Kg8 53. Qe2 Qc3+ 54. Qf3 Qf6 55. Kh2 Qf5 56. Qb3+ Kg7 57. Qe3 Qb1 58. Qe7+ Kg8 59.
h4 Qc1 60. Qe6+ Kg7 61. Qe5+ Kg8 62. h5 gxh5 63. Qg5+ Kh8 64. Qf6+ Kg8 65. Qe6+ Kg7 66. Qe5+ Kg8 67. f5 Qg5 68. Qg3 Qxg3+ 69. Kxg3 Kg7 70.
Kf4 h4 71. Kg5 Kf7 72. Kxh4 Kf6 73. Kg4 h6 74. Kf4 h5 75. g3 Kf7 76. Kg5 Kg7 77. Kxh5 Kf6 78. Kg4 Kf7 79. Kf4 Kf6 80. g4 Kf7 81.
Kg5 Kg7 82. f6+ Kf7 83. Kf5 Kf8 84. g5 Kf7 85. g6+ Kf8 86. Ke6 Kg8 87. f7+ Kh8 88.
g7+ Kh7 89. g8=Q+ Kh6 90. f8=Q+ Kh5 91. Qh7+ Kg4 92. Qg6+ Kh3 93. Qh8# 1-0